 Dungeon Crawl Stone Soup version 0.28-a0-730-g892d06dc2c (webtiles) character file.

Game seed: 7123755078504919788

2312 bande the Cleaver (level 9, -3/41 (55) HPs)
             Began as a Gargoyle Fighter on Oct 28, 2021.
             Slain by an orc warrior (9 damage)
             ... in a bailey.
             The game lasted 00:14:24 (9561 turns).

bande the Cleaver (Gargoyle Fighter)                Turns: 9561, Time: 00:14:25

HP:   -3/41 (55)    AC: 20    Str: 21    XL:     9   Next: 41%
MP:   9/9           EV:  8    Int:  9    God:
Gold: 330           SH:  5    Dex: 11    Spells: 8/8 levels left

rFire   . . .      SeeInvis +   a - +1 war axe
rCold   . . .      Faith    .   c - +0 buckler
rNeg    + . .      Spirit   .   k - +0 chain mail
rPois   ∞          Reflect  .   (no helmet)
rElec   +          Harm     .   v - +0 cloak
rCorr   .          Rampage  .   (no gloves)
Will    .....                   h - +1 pair of boots
Stlth   ..........              (no amulet)
HPRegen 0.13/turn               p - ring of see invisible
MPRegen 0.11/turn               (no ring)

@: very heavily drained
A: sickness immunity, AC +6, negative energy resistance 1, electricity
resistance, torment resistance 1, petrification resistance
a: no special abilities


You were in a bailey.
You visited 2 branches of the dungeon, and saw 9 of its levels.
You also visited: Bailey.

You collected 330 gold pieces.

Inventory:

Hand Weapons
 a - a +1 war axe (weapon)
 e - a +0 war axe
 l - a +0 flail
 w - a +3 hand axe
Armour
 c - a +0 buckler (worn)
 f - a +0 kite shield
 h - a +1 pair of boots (worn)
 k - a +0 chain mail (worn)
 v - a +0 cloak (worn)
Jewellery
 b - an amulet of magic regeneration
 p - a ring of see invisible (left hand)
Wands
 r - a wand of iceblast (9)
Scrolls
 j - 2 scrolls of identify
 m - a scroll of enchant weapon
 n - 3 scrolls of teleportation
 o - 2 scrolls of enchant armour
Potions
 d - 2 potions of might
 g - 4 potions of curing
 i - a potion of invisibility
 q - a potion of heal wounds
 s - a potion of berserk rage
 t - a potion of flight


   Skills:
 + Level 6.1 Fighting
 + Level 8.1 Axes
 + Level 6.8 Armour
 - Level 0.1 Stealth
 + Level 5.0 Shields
 * Level 3.0 Evocations


You had 8 spell levels left.
You didn't know any spells.
Your spell library contained the following spells:

 Spells                   Type           Power      Damage    Failure   Level
 Portal Projectile        Hex/Tloc       0%         N/A       100%        3
 Summon Guardian Golem    Hex/Summ       0%         N/A       100%        3
 Blade Hands              Tmut           0%         N/A       100%        5
 Excruciating Wounds      Necr           0%         N/A       100%        5
 Orb of Destruction       Conj           0%         N/A       100%        7
 Spellforged Servitor     Conj/Summ      0%         N/A       100%        7
 Chain Lightning          Conj/Air       0%         N/A       100%        9
 Fire Storm               Conj/Fire      0%         5d1       100%        9
 Shatter                  Erth           0%         3d5*      100%        9


Dungeon Overview and Level Annotations

Branches:
Dungeon (8/15)             Temple (1/1) D:7          Bailey (1/1)
   Lair: D:8-11

Altars:
Ashenzari
Dithmenos
Hepliaklqana
Kikubaaqudgha
Makhleb
Nemelex Xobeh
Qazlal
Ru
Sif Muna
Trog
Uskayaw
Vehumet
Wu Jian
Xom
Yredelemnul
Zin
The Shining One

Shops:
D:2 [   D:5 *   D:6 ?*(:*

Annotations:
D:7 2 transporters, exclusion: ice statue, ytrimaz's ghost, amateur FoFi


Innate Abilities, Weirdness & Mutations

You are immune to sickness and miasma.
Your stone body is resilient. (AC +6)
You are immune to poison.
You resist negative energy. (rN+)
You are resistant to electric shocks. (rElec)
You are resistant to unholy torment.
You are immune to petrification.


Message History

* * * LOW HITPOINT WARNING * * *
The kobold hits you but does no damage.
You barely miss the kobold. You barely miss the orc warrior.
You feel drained.
The kobold throws a boomerang.
The boomerang barely misses you. The orc warrior barely misses you.
The kobold hits you but does no damage.
You closely miss the kobold. You hit the orc warrior.
You feel drained. The orc warrior closely misses you.
The kobold hits you but does no damage.
Unknown command.
You closely miss the kobold. You barely miss the orc warrior.
You feel drained. The orc warrior completely misses you.
The kobold hits you but does no damage.
Unknown command.
You slash the kobold!
You kill the kobold!
You hear a splash.
You hit the orc warrior but do no damage.
You feel drained.
The kobold throws a boomerang.
You block the boomerang.
The orc warrior hits you but does no damage.
The orc warrior hits you with a +0 war axe.
* * * LOW HITPOINT WARNING * * *
You hit the kobold.
You kill the kobold!
You hear a splash.
You barely miss the orc warrior.
You feel drained.
The kobold throws a boomerang.
The boomerang hits you but does no damage.
The orc warrior hits you but does no damage.
You float gracefully downwards.
The orc warrior hits you with a +0 war axe.
* * * LOW HITPOINT WARNING * * *
Items here: ( )) [[[.
The orc warrior hits you with a +0 war axe.
* * * LOW HITPOINT WARNING * * *
The orc warrior hits you but does no damage.
You hit the orc warrior.
The orc warrior is lightly wounded.
The orc warrior barely misses you.
You slash the orc warrior!
The orc warrior is heavily wounded.
The orc warrior hits you with a +0 war axe!
You die...

###.......##
####......∩..#
####...!.........#
###........≈≈≈≈≈≈≈≈.#
##.......≈≈≈≈≈≈≈≈≈≈≈≈≈≈
#.......≈≈≈≈#########≈≈≈
.....≈≈≈≈≈≈K#.ggo...#K≈≈≈
≈≈≈≈≈≈≈)o####.oKoo..# ##≈
≈≈≈≈....@#KK####'####
#......###Kg.g .. ##.....
'..### ....... #..#
....⌠.. #..# ....... #'##
#...... ####...


You could see an orc warrior.

Vanquished Creatures
  Sigmund (D:6)
  Duvessa (D:6)
  An orc warrior (D:5)
  An ice beast (D:5)
  A sky beast (D:6)
  A black bear (D:5)
  2 ogres
  2 centaurs
  A phantom (D:4)
  2 kobold brigands
  A bullfrog (D:6)
  A scorpion (D:6)
  Dowan (D:6)
  2 wyvern zombies
  2 wyvern skeletons (D:6)
  3 orc priests (D:7)
  5 hounds
  A jelly (D:5)
  Crazy Yiuf (D:7)
  2 bullfrog skeletons (D:4)
  Terence (D:2)
  An iguana (D:5)
  An orc wizard (D:5)
  A killer bee zombie (D:8)
  A howler monkey zombie (D:8)
  7 gnolls
  7 adders
  2 ufetubi
  2 worms
  An adder skeleton (D:4)
  6 dart slugs
  16 orcs
  8 bats
  7 endoplasms
  3 giant cockroaches
  9 goblins
  8 hobgoblins
  3 jackals
  3 quokkas
  8 ball pythons
  A frilled lizard (D:2)
  17 kobolds
  3 rats
148 creatures vanquished.

Notes
Turn   | Place    | Note
-------+----------+-------------------------------------------
     0 | D:1      | bande the Gargoyle Fighter began the quest for the Orb.
     0 | D:1      | Reached XP level 1. HP: 14/14 MP: 1/1
    62 | D:1      | Reached XP level 2. HP: 11/19 MP: 2/2
   317 | D:1      | Reached skill level 2 in Axes
   789 | D:2      | Reached XP level 3. HP: 12/23 MP: 3/3
  1236 | D:2      | Reached XP level 4. HP: 29/29 MP: 4/4
  1378 | D:2      | Found Zyangut's Armour Emporium.
  1567 | D:2      | You fall into a shaft and drop 2 floors!
  1593 | D:3      | Found a faded altar of an unknown god.
  1750 | D:2      | Noticed Terence
  1760 | D:2      | Killed Terence
  1761 | D:2      | Reached skill level 3 in Axes
  1938 | D:3      | Reached XP level 5. HP: 31/33 MP: 5/5
  1966 | D:3      | Found a basalt altar of Yredelemnul.
  1982 | D:3      | Found a shadowy altar of Dithmenos.
  1983 | D:3      | Found a glowing silver altar of Zin.
  2220 | D:3      | Found an ornate altar of the Wu Jian Council.
  2222 | D:3      | Found a glowing golden altar of the Shining One.
  2745 | D:4      | Noticed a phantom
  2758 | D:4      | Reached skill level 4 in Axes
  2759 | D:4      | Killed a phantom
  2760 | D:4      | Reached XP level 6. HP: 11/38 MP: 6/6
  3657 | D:4      | Reached skill level 5 in Armour
  4072 | D:5      | Entered Level 5 of the Dungeon
  4094 | D:5      | Reached XP level 7. HP: 39/43 MP: 7/7
  4145 | D:5      | Reached skill level 5 in Axes
  4815 | D:5      | Found Kauwnur's Lightly-Used Armoury.
  5358 | D:4      | Reached XP level 8. HP: 48/48 MP: 8/8
  5371 | D:4      | Reached skill level 6 in Axes
  5889 | D:5      | Reached skill level 5 in Fighting
  6446 | D:6      | Found Nilun's Book Shop.
  6467 | D:6      | Found a bloodstained altar of Trog.
  6495 | D:6      | Reached skill level 1 in Evocations
  6746 | D:6      | Noticed a +0 dagger
  6746 | D:6      | Noticed a +0 dagger
  6749 | D:6      | Found a hide-covered altar of Uskayaw.
  6862 | D:6      | Reached skill level 7 in Axes
  6918 | D:6      | Found Wekhloafi's Magic Scroll Shoppe.
  6942 | D:6      | Noticed Duvessa
  6942 | D:6      | Noticed Dowan
  6951 | D:6      | Killed Duvessa
  6968 | D:6      | Killed Dowan
  7455 | D:6      | Found Waehiut's Weapon Emporium.
  7466 | D:6      | Found Woomp's Assorted Antiques.
  7521 | D:6      | Noticed Sigmund
  7533 | D:6      | Killed Sigmund
  7534 | D:6      | Reached XP level 9. HP: 31/55 MP: 9/9
  7586 | D:6      | Found Potutefe's Assorted Antiques.
  8098 | D:7      | Found a staircase to the Ecumenical Temple.
  8116 | Temple   | Entered the Ecumenical Temple
  8439 | D:7      | Found a transporter.
  8439 | D:7      | Found a transporter.
  8648 | D:7      | Noticed a troll
  8649 | D:7      | Noticed ytrimaz's ghost (amateur FoFi)
  8654 | D:7      | Noticed an ice statue
  8672 | D:7      | Noticed a hornet
  8722 | D:7      | Found a broken altar of Ashenzari.
  8873 | D:7      | Found a runed translucent door.
  8874 | D:7      | Noticed Crazy Yiuf
  9130 | D:7      | Killed Crazy Yiuf
  9260 | D:8      | Reached skill level 8 in Axes
  9294 | D:8      | Reached skill level 5 in Shields
  9327 | D:8      | Found a flagged portal.
  9346 | Bailey   | Entered a bailey
  9519 | Bailey   | Identified the +0 ring mail of Morality {rPois}
  9561 | Bailey   | Slain by an orc warrior

Illustrated notes

Levels and vault maps discovered:
D:1:      minmay_arrival_stair_chambers, layout_basic
D:2:      layout_rooms, serial_shops, shop, uniq_terence
D:3:      layout_loops_ring, chequers_temple_overflow_statue_of_worship,
          mainiacjoe_overflow_catwalk_spiral,
          hellmonk_ecumenical_altar_heavens_door, kennysheep_generic_room_13
D:4:      layout_cave_pods
D:5:      layout_basic, minmay_shop_damaged, minmay_starry_boxes
D:6:      layout_loops_ring, trog_three_pillars_becter, dancing_weapons_uskayaw,
          serial_shops, nicolae_shop_crystal, shop, shop, shop,
          nicolae_diamond_shop, bh_walls_and_bars, uniq_duvessa, uniq_sigmund
D:7:      layout_rooms, old_standard_altar, minmay_temple_entry_slanted,
          nzn_ghost_randoct, minivault_23, uniq_crazy_yiuf_cottage
D:8:      layout_cave_pods, enter_bailey_2, kennysheep_generic_room_9,
          uniq_erica, uniq_pikel, uniq_joseph, uniq_psyche
Temple:   jpeg_temple_island
Bailey:   bailey_axe_4, bailey

Skill      XL: |  1  2  3  4  5  6  7  8  9 |
---------------+----------------------------+-----
Axes           | 2 3 4 5 7 8 |  8.1
Armour         | 4 5 6 |  6.8
Shields        | 4 5 |  5.0
Fighting       | 4 5 6 |  6.1
Evocations     | 2 3 |  3.0
Stealth        | |  0.1

Action                   |  1- 3 |  4- 6 |  7- 9 || total
-------------------------+-------+-------+-------++-------
Melee: War axe           |    69 |   170 |   264 ||   503
  Use: Scroll            |     2 |     8 |     7 ||    17
       Potion            |       |       |     1 ||     1
 Stab: Invisible         |       |       |     1 ||     1
Armor: Scale mail        |    44 |    19 |       ||    63
       Chain mail        |       |    91 |   197 ||   288
Dodge: Dodged            |    35 |    81 |   136 ||   252
Block: Buckler           |    11 |    43 |    70 ||   124

Table legend: (Time is in decaauts)
 A = Elapsed time spent in this place.
 B = Non-inter-level travel time spent in this place.
 C = Inter-level travel time spent in this place.
 D = Time resting spent in this place.
 E = Time spent auto-exploring this place.
 F = Levels seen in this place.
 G = Mean time per level.
                   A        B        C        D        E       F      G
               +--------+--------+--------+--------+--------+-----+--------+
         Total |   9696 |   9469 |    227 |   3041 |   4797 |  10 |  969.6 |
       Dungeon |   9388 |   9193 |    195 |   2891 |   4755 |   8 | 1173.5 |
        Temple |     90 |     58 |     32 |      0 |     34 |   1 |   90.0 |
        Bailey |    217 |    217 |      0 |    150 |      8 |   1 |  217.0 |
               +--------+--------+--------+--------+--------+-----+--------+

Top non-repeatable levels by time:
     D:5: 1990 daAuts
     D:4: 1874 daAuts
     D:6: 1827 daAuts
     D:3: 917 daAuts
     D:1: 912 daAuts
     D:7: 887 daAuts
     D:2: 865 daAuts
  Bailey: 217 daAuts
     D:8: 113 daAuts
  Temple: 90 daAuts
